AoeStats
← MooseMooch

Hideout

509211292Analyzed
1v1 RM · 6d ago on Sep 25, 2026· 46m 3s· 2 players
Game mode
Random Map
Map size
Tiny (2 player)
Population
200
Speed
Normal
Resources
Standard
Victory
Conquest
Starting age
Dark Age
Ending age
Imperial Age
RankedLock teamsTeams togetherTeam positionsShared explorationLock speedFull tech treeHidden civsTurbo modeCheats
Victory
Defeat
🇳🇴 Lithuanians · Norway
1303
+14
🇩🇪 Portuguese · Germany
1268
-14
MooseMooch
10:54 Feudal Age
14:37 Castle Age
12:33 Double-Bit Axe
12:34 Horse Collar
14:57 Light Cavalry
20:54 Bow Saw
26:07 Loom
26:59 Wheelbarrow
30:08 Imperial Age
27:57 Hand Cart
28:44 Pikeman
32:14 Chemistry
31:13 Treadmill Crane
31:12 Halberdier
32:20 Heavy Plow
37:38 Padded Archer Armor
37:39 Scale Mail Armor
38:37 Siege Engineers
41:15 Leather Archer Armor
41:15 Chain Mail Armor
42:19 Ring Archer Armor
41:54 Scale Barding Armor
42:06 Elite Skirmisher
42:38 Fletching
43:40 Bodkin Arrow
44:07 Ballistics
44:06 Husbandry
44:17 Bloodlines
45:38 Chain Barding Armor
46:30 Bracer
47:06 Plate Barding Armor
CultKaos
12:32 Feudal Age
13:37 Double-Bit Axe
13:34 Horse Collar
14:18 Stone Mining
16:40 Castle Age
14:26 Loom
20:34 Bow Saw
22:15 Heavy Plow
29:15 Imperial Age
27:43 Gold Mining
27:46 Fletching
28:17 Stone Mining
29:16 Wheelbarrow
28:26 Town Watch
28:34 Pikeman
29:14 Squires
29:39 Bodkin Arrow
29:54 Forging
30:17 Ballistics
31:22 Chemistry
31:39 Halberdier
33:13 Bracer
33:14 Scale Mail Armor
33:54 Elite Skirmisher
34:59 Padded Archer Armor
36:15 Conscription
37:48 Leather Archer Armor
38:09 Iron Casting
37:49 Chain Mail Armor
37:40 Scale Barding Armor
37:49 Bloodlines
38:10 Husbandry
37:52 Light Cavalry
40:06 Tower Shields
39:34 Winged Hussar
42:15 Chain Barding Armor
42:25 Ring Archer Armor
46:21 Hand Cart
Connection lost

Rejoining the realm…

Still unreachable

The connection could not be restored.

Session expired

The server has moved on; the page needs a fresh start.